[Event "Hungarian Rapid-ch 2022"]
[Site "Ajka"]
[Date "2022.07.15"]
[Round "3.28"]
[White "Czebe, Attila"]
[Black "Virag, Balint"]
[Result "1-0"]
[ECO "A08"]
[WhiteElo "2385"]
[BlackElo "2164"]
[Annotator "ChessBase"]
[PlyCount "119"]
[EventDate "2022.07.15"]
[EventType "swiss"]
[EventCountry "HUN"]
[SourceTitle "playchess.com"]
[Source "ChessBase"]
[SourceQuality "1"]
[TimeControl "900+10"]

1. e4 e6 2. d3 d5 3. Nd2 c5 4. g3 Nc6 5. Bg2 Nf6 6. Ngf3 Be7 7. O-O O-O 8. Re1 Nd7 9. exd5 exd5 10. d4 Nf6 11. dxc5 Bxc5 12. Nb3 Bb6 13. Be3 Be6 14. Bxb6 Qxb6 15. Nfd4 Rfe8 16. Nxc6 bxc6 17. Qd4 Qxd4 18. Nxd4 c5 19. Nb5 Rad8 20. b3 Re7 21. Nc3 Kf8 22. Rad1 Red7 23. Na4 Rc7 24. c4 d4 25. h3 h5 26. Re5 Rdc8 27. Nb2 g6 28. Nd3 Bf5 29. Nf4 Re7 30. Rxe7 Kxe7 31. Bf3 Kd6 32. Kg2 Re8 33. Kh2 a5 34. Kg2 Rb8 35. Re1 a4 36. bxa4 Rb4 37. Bd1 g5 38. Nxh5 Nxh5 39. Bxh5 Be6 40. h4 gxh4 41. gxh4 Rxa4 42. Bf3 f5 43. h5 Bxc4 44. Kg3 Bd5 45. h6 Bxf3 46. Kxf3 Ra3+ 47. Kg2 Ra7 48. Kg3 Rh7 49. Rh1 c4 50. Kf3 Kd5 51. Ke2 f4 52. Rh5+ Kd6 53. a4 Kc6 54. a5 Re7+ 55. Kd2 Rh7 56. Kc2 f3 57. Kd2 Kd6 58. a6 Kc6 59. Ra5 Re7 60. a7 1-0

[Event "Hungarian Rapid-ch 2022"]
[Site "Ajka"]
[Date "2022.07.15"]
[Round "3.29"]
[White "Meszaros, Tamas"]
[Black "Palla, Gyorgy"]
[Result "1-0"]
[ECO "B50"]
[WhiteElo "2368"]
[BlackElo "1983"]
[Annotator "ChessBase"]
[PlyCount "119"]
[EventDate "2022.07.15"]
[EventType "swiss"]
[EventCountry "HUN"]
[SourceTitle "playchess.com"]
[Source "ChessBase"]
[SourceQuality "1"]
[TimeControl "900+10"]

1. e4 c5 2. Nf3 d6 3. Bc4 e6 4. O-O Nc6 5. d3 Be7 6. Re1 Nf6 7. Nbd2 O-O 8. c3 e5 9. Nf1 Na5 10. Bb5 a6 11. Ba4 b5 12. Bc2 Nc6 13. Ng3 h6 14. h3 Kh7 15. d4 Ng8 16. a4 b4 17. Be3 cxd4 18. cxd4 a5 19. Bb3 exd4 20. Nxd4 Nxd4 21. Qxd4 Bf6 22. Qd2 Ne7 23. Rad1 Ng6 24. Nh5 Be5 25. f4 Qh4 26. fxe5 Qxh5 27. exd6 Bd7 28. Rc1 Ne5 29. Qe2 Qg6 30. Rc5 f6 31. Kh2 Kh8 32. Bf4 Rfe8 33. Rc7 Rad8 34. Qe3 Qh5 35. Qg3 g5 36. Bxe5 Rxe5 37. Bd5 Qg6 38. b3 h5 39. Rf1 Be6 40. Bxe6 Rxe6 41. d7 Kg7 42. Rd1 Re7 43. Rd4 h4 44. Qd6 Qf7 45. Ra7 Kg6 46. Rc7 Re6 47. Qd5 Re7 48. Qf5+ Kg7 49. Rd6 Re5 50. Qf3 Qe7 51. Qd3 Rxe4 52. Rc5 Re5 53. Rc8 Re1 54. Qd4 Re5 55. Rxd8 Qxd8 56. Rc6 g4 57. Qxg4+ Rg5 58. Qd4 Kg6 59. Rc8 Qe7 60. d8=Q 1-0

[Event "Hungarian Rapid-ch 2022"]
[Site "Ajka"]
[Date "2022.07.15"]
[Round "3.30"]
[White "Jakab, Attila"]
[Black "Mozes, Ervin"]
[Result "1-0"]
[ECO "A53"]
[WhiteElo "2311"]
[BlackElo "2039"]
[Annotator "ChessBase"]
[PlyCount "91"]
[EventDate "2022.07.15"]
[EventType "swiss"]
[EventCountry "HUN"]
[SourceTitle "playchess.com"]
[Source "ChessBase"]
[SourceQuality "1"]
[TimeControl "900+10"]

1. d4 Nf6 2. c4 d6 3. Nc3 c6 4. e4 e5 5. d5 Be7 6. Nf3 O-O 7. Be2 Na6 8. O-O Nc5 9. Qc2 a5 10. Be3 cxd5 11. cxd5 b6 12. h3 Bd7 13. Nd2 Ne8 14. Bg4 Bxg4 15. hxg4 Qd7 16. f3 Nc7 17. Nc4 Rfb8 18. a4 N7a6 19. g5 Qd8 20. Nb5 Nc7 21. Nca3 Nxb5 22. Nxb5 Bxg5 23. Bxg5 Qxg5 24. Nxd6 Qe3+ 25. Qf2 Qxf2+ 26. Kxf2 f6 27. Ke3 Ra7 28. Ra3 Rd7 29. Nc4 Kf7 30. g3 Ke7 31. f4 exf4+ 32. gxf4 f5 33. d6+ Ke6 34. e5 Na6 35. Nd2 Nb4 36. Rc3 Nd5+ 37. Kd4 Nxc3 38. bxc3 h6 39. Rg1 Kf7 40. Kd5 Kf8 41. e6 Rxd6+ 42. Kxd6 Rd8+ 43. Ke5 Rxd2 44. Kxf5 Rc2 45. Rb1 g5 46. Kf6 1-0

[Event "Hungarian Rapid-ch 2022"]
[Site "Ajka"]
[Date "2022.07.15"]
[Round "4.1"]
[White "Aczel, Gergely"]
[Black "Berkes, Ferenc"]
[Result "1/2-1/2"]
[ECO "E46"]
[WhiteElo "2499"]
[BlackElo "2649"]
[Annotator "ChessBase"]
[PlyCount "45"]
[EventDate "2022.07.15"]
[EventType "swiss"]
[EventCountry "HUN"]
[SourceTitle "playchess.com"]
[Source "ChessBase"]
[SourceQuality "1"]
[TimeControl "900+10"]

1. d4 Nf6 2. c4 e6 3. Nc3 Bb4 4. e3 O-O 5. Bd2 d5 6. Nf3 Re8 7. Rc1 Bf8 8. Be2 a6 9. O-O dxc4 10. Bxc4 b5 11. Be2 Bb7 12. Ne5 Nbd7 13. Bf3 Bxf3 14. Qxf3 Nxe5 15. dxe5 Nd7 16. Ne4 Nxe5 17. Qg3 Ng6 18. Ba5 Qd5 19. Nc3 Qb7 20. Qxc7 Qxc7 21. Bxc7 Rec8 22. Ne4 Ra7 23. Bg3 1/2-1/2

[Event "Hungarian Rapid-ch 2022"]
[Site "Ajka"]
[Date "2022.07.15"]
[Round "4.2"]
[White "Bagi, Mate"]
[Black "Balog, Imre"]
[Result "0-1"]
[ECO "C10"]
[WhiteElo "2460"]
[BlackElo "2594"]
[Annotator "ChessBase"]
[PlyCount "86"]
[EventDate "2022.07.15"]
[EventType "swiss"]
[EventCountry "HUN"]
[SourceTitle "playchess.com"]
[Source "ChessBase"]
[SourceQuality "1"]
[TimeControl "900+10"]

1. e4 e6 2. d4 d5 3. Nc3 Nc6 4. Nf3 Nf6 5. Bd3 Nb4 6. e5 Nd7 7. Bg5 Be7 8. Bxe7 Qxe7 9. Qd2 O-O 10. O-O c5 11. Rfe1 Nc6 12. dxc5 Nxc5 13. Nb5 f5 14. exf6 Qxf6 15. c4 Nxd3 16. Qxd3 Qxb2 17. Nc7 Rb8 18. cxd5 exd5 19. Ng5 Qxf2+ 20. Kh1 Qf5 21. Qg3 Qg4 22. Qe3 h6 23. Nf3 d4 24. Qb3+ Kh7 25. Rac1 Bf5 26. Nb5 Rbd8 27. h3 Qg3 28. Nfxd4 Qxb3 29. Nxb3 Rf7 30. Kg1 Nb4 31. Rf1 Rdd7 32. a3 Nd3 33. Rc3 b6 34. N3d4 Bg6 35. Rxf7 Rxf7 36. Nc6 Nf4 37. Re3 a6 38. Nbd4 Rd7 39. h4 Nd5 40. Re1 Nf6 41. Re3 Be4 42. Rb3 b5 43. Kf2 Rd6 0-1

[Event "Hungarian Rapid-ch 2022"]
[Site "Ajka"]
[Date "2022.07.15"]
[Round "4.3"]
[White "Hera, Imre Jr."]
[Black "Kantor, Gergely"]
[Result "1-0"]
[ECO "A20"]
[WhiteElo "2568"]
[BlackElo "2582"]
[Annotator "ChessBase"]
[PlyCount "95"]
[EventDate "2022.07.15"]
[EventType "swiss"]
[EventCountry "HUN"]
[SourceTitle "playchess.com"]
[Source "ChessBase"]
[SourceQuality "1"]
[TimeControl "900+10"]

1. c4 e5 2. g3 Nf6 3. Bg2 Nc6 4. Nc3 Bb4 5. e4 d6 6. Nge2 a5 7. O-O Bc5 8. d3 O-O 9. h3 Nd4 10. Kh2 c6 11. f4 h6 12. Nxd4 Bxd4 13. Qf3 Rb8 14. Ne2 Bc5 15. fxe5 dxe5 16. Bxh6 gxh6 17. Qxf6 Qxf6 18. Rxf6 Rd8 19. Rf3 Be6 20. g4 b5 21. cxb5 cxb5 22. a3 b4 23. axb4 axb4 24. Ng3 Bd4 25. Rb1 Ba2 26. Rbf1 b3 27. Nf5 Bxb2 28. Nxh6+ Kf8 29. Nxf7 Ke7 30. Nxd8 Rxd8 31. Rf7+ Kd6 32. R1f6+ Kc5 33. Rc7+ Kd4 34. Bf3 Bc3 35. Bd1 b2 36. Bc2 b1=Q 37. Bxb1 Bxb1 38. g5 Bxd3 39. g6 Bxe4 40. g7 Ra8 41. Rd6+ Bd5 42. Rcd7 Ra2+ 43. Kg3 Rg2+ 44. Kh4 Ke3 45. Rxd5 e4 46. Rg5 Bf6 47. g8=Q Kf4 48. Rf7 1-0

[Event "Hungarian Rapid-ch 2022"]
[Site "Ajka"]
[Date "2022.07.15"]
[Round "4.4"]
[White "Korpa, Bence"]
[Black "Horvath, Csaba"]
[Result "1-0"]
[ECO "A45"]
[WhiteElo "2537"]
[BlackElo "2506"]
[Annotator "ChessBase"]
[PlyCount "55"]
[EventDate "2022.07.15"]
[EventType "swiss"]
[EventCountry "HUN"]
[SourceTitle "playchess.com"]
[Source "ChessBase"]
[SourceQuality "1"]
[TimeControl "900+10"]

1. d4 Nf6 2. Nc3 d5 3. Bf4 a6 4. e3 e6 5. g4 b5 6. g5 Nfd7 7. Qg4 c5 8. Nf3 Nc6 9. Qg3 Bb7 10. Bc7 Qc8 11. h4 Be7 12. Bh3 Bd8 13. Bd6 Be7 14. dxc5 O-O 15. g6 hxg6 16. h5 gxh5 17. Ng5 Bxd6 18. cxd6 d4 19. Nxe6 g6 20. Nd5 Nce5 21. Ne7+ Kh7 22. Ng5+ Kg7 23. Nxc8 Rfxc8 24. exd4 Bxh1 25. dxe5 Bc6 26. e6 fxe6 27. Nxe6+ Kh7 28. Qc3 1-0

[Event "Hungarian Rapid-ch 2022"]
[Site "Ajka"]
[Date "2022.07.15"]
[Round "4.5"]
[White "Prohaszka, Peter"]
[Black "Csonka, Balazs"]
[Result "1-0"]
[ECO "A06"]
[WhiteElo "2570"]
[BlackElo "2495"]
[Annotator "ChessBase"]
[PlyCount "111"]
[EventDate "2022.07.15"]
[EventType "swiss"]
[EventCountry "HUN"]
[SourceTitle "playchess.com"]
[Source "ChessBase"]
[SourceQuality "1"]
[TimeControl "900+10"]

1. Nf3 d5 2. e3 Nf6 3. b3 c5 4. Bb2 e6 5. c4 Nc6 6. cxd5 exd5 7. Be2 d4 8. exd4 cxd4 9. Bb5 Bc5 10. Qe2+ Be6 11. Qe5 Qd5 12. O-O O-O-O 13. Bxc6 bxc6 14. Rc1 Qxe5 15. Nxe5 Rd5 16. Nxc6 Kd7 17. Na5 Ng4 18. Nc4 Rf5 19. Ba3 Rc8 20. f3 Ne5 21. Bxc5 Rxc5 22. Nxe5+ Rfxe5 23. Rxc5 Rxc5 24. Na3 Bf5 25. Kf2 Bd3 26. Nc4 Kc6 27. Re1 Bxc4 28. bxc4 Rxc4 29. Re7 Rc2 30. Ke2 Rxa2 31. Rxf7 g5 32. Kd3 h5 33. Rg7 Ra5 34. Rg6+ Kd7 35. Kxd4 Ke7 36. g3 Kf7 37. Rh6 h4 38. gxh4 gxh4 39. Ke4 Kg7 40. Rxh4 Ra2 41. d4 a5 42. Rh5 Kg6 43. Rc5 Rxh2 44. Rxa5 Rh4+ 45. f4 Kf6 46. Ra6+ Ke7 47. Ke5 Rh1 48. Ra7+ Ke8 49. f5 Re1+ 50. Kf6 Rd1 51. Ra8+ Kd7 52. Kf7 Rxd4 53. f6 Rd1 54. Ra2 Kd6 55. Rg2 Ke5 56. Kg7 1-0

[Event "Hungarian Rapid-ch 2022"]
[Site "Ajka"]
[Date "2022.07.15"]
[Round "4.6"]
[White "Antal, Gergely"]
[Black "Papp, Levente"]
[Result "1/2-1/2"]
[ECO "C04"]
[WhiteElo "2571"]
[BlackElo "2394"]
[Annotator "ChessBase"]
[PlyCount "172"]
[EventDate "2022.07.15"]
[EventType "swiss"]
[EventCountry "HUN"]
[SourceTitle "playchess.com"]
[Source "ChessBase"]
[SourceQuality "1"]
[TimeControl "900+10"]

1. e4 e6 2. d4 d5 3. Nd2 Nc6 4. Ngf3 Nf6 5. e5 Nd7 6. Bd3 Nb4 7. Be2 c5 8. c3 Nc6 9. O-O f6 10. exf6 Qxf6 11. Re1 Bd6 12. Nf1 O-O 13. Bg5 Qf7 14. Bh4 Nf6 15. Bd3 Qc7 16. Bg3 Bd7 17. Ne5 Rae8 18. Rc1 Re7 19. Bb1 Be8 20. Kh1 Bh5 21. f3 Bxe5 22. dxe5 Nd7 23. Qe2 Ref7 24. Nd2 b5 25. b3 a6 26. Qe3 Ne7 27. c4 bxc4 28. bxc4 d4 29. Qa3 Qb6 30. Be4 Nc6 31. Rb1 Nb4 32. Qb3 Qc7 33. a3 Nc6 34. Qa4 Ndb8 35. Rb2 Bg6 36. Bxg6 hxg6 37. Ne4 Qa5 38. Qxa5 Nxa5 39. Nxc5 Rc8 40. Nxe6 Nxc4 41. Rb3 Nc6 42. h4 Rd7 43. Nc5 Rd5 44. Nd3 Ne3 45. Rc1 Rb5 46. Rxb5 axb5 47. Bf2 Nc4 48. a4 Rd8 49. axb5 N6xe5 50. Nxe5 Nxe5 51. Bg3 Nd7 52. Rc6 Nf6 53. Rd6 Rxd6 54. Bxd6 Nd5 55. Kg1 d3 56. Kf2 Nc3 57. Ke3 Nxb5 58. Bg3 d2 59. Kxd2 Nd4 60. Bf2 Ne6 61. Ke3 g5 62. h5 g6 63. hxg6 Kg7 64. g4 Kxg6 65. Ke4 Nf4 66. Be3 Ne6 67. Ke5 Nd8 68. Kd6 Nf7+ 69. Ke6 Nd8+ 70. Ke7 Nc6+ 71. Kd6 Nd8 72. Bb6 Nf7+ 73. Ke6 Nh6 74. Bc5 Nf7 75. Be7 Nh6 76. Bb4 Nf7 77. Ba5 Nh6 78. Bc3 Nf7 79. Ke7 Nh6 80. Bd2 Nf7 81. Bxg5 Nxg5 82. f4 Ne4 83. Ke6 Nf6 84. g5 Nh7 85. f5+ Kxg5 86. f6 Nxf6 1/2-1/2

[Event "Hungarian Rapid-ch 2022"]
[Site "Ajka"]
[Date "2022.07.15"]
[Round "4.7"]
[White "Gledura, Benjamin"]
[Black "Straubinger, Daniel"]
[Result "1-0"]
[ECO "A06"]
[WhiteElo "2637"]
[BlackElo "2349"]
[Annotator "ChessBase"]
[PlyCount "82"]
[EventDate "2022.07.15"]
[EventType "swiss"]
[EventCountry "HUN"]
[SourceTitle "playchess.com"]
[Source "ChessBase"]
[SourceQuality "1"]
[TimeControl "900+10"]

1. Nf3 d5 2. g3 Nf6 3. Bg2 c6 4. O-O Bf5 5. d3 Nbd7 6. Nh4 Bg4 7. h3 Bh5 8. g4 Bg6 9. f4 e6 10. Qe1 Be7 11. e3 Qb6 12. Nd2 Nf8 13. Nb3 h5 14. g5 N6d7 15. Bd2 f6 16. Ba5 Qa6 17. Bb4 c5 18. Bc3 Bf7 19. Qg3 O-O-O 20. e4 d4 21. Ba5 b6 22. Bd2 Bd6 23. e5 Bc7 24. Qf3 Ng6 25. Nxg6 Bxg6 26. a4 fxe5 27. Qa8+ Nb8 28. a5 e4 29. axb6 Qxb6 30. Rxa7 Qc6 31. Qxc6 Nxc6 32. Ra8+ Kd7 33. Nxc5+ Ke7 34. Rxd8 Rxd8 35. Bxe4 Bxe4 36. dxe4 d3 37. Nxd3 Nd4 38. Bb4+ Ke8 39. Rf2 Bb6 40. Bc5 Bxc5 41. Nxc5 Ke7 1-0

[Event "Hungarian Rapid-ch 2022"]
[Site "Ajka"]
[Date "2022.07.15"]
[Round "4.8"]
[White "Hoang, Thanh Trang"]
[Black "Kozak, Adam"]
[Result "0-1"]
[ECO "D12"]
[WhiteElo "2376"]
[BlackElo "2522"]
[Annotator "ChessBase"]
[PlyCount "136"]
[EventDate "2022.07.15"]
[EventType "swiss"]
[EventCountry "HUN"]
[SourceTitle "playchess.com"]
[Source "ChessBase"]
[SourceQuality "1"]
[TimeControl "900+10"]

1. d4 d5 2. Nf3 Nf6 3. e3 c6 4. c4 Bf5 5. Nc3 e6 6. Qb3 Qb6 7. Be2 Nbd7 8. Qxb6 axb6 9. Nh4 Be4 10. f3 Bc2 11. g3 dxc4 12. Bxc4 b5 13. Kd2 Bg6 14. Bb3 Nd5 15. Nxd5 exd5 16. Nxg6 hxg6 17. e4 dxe4 18. fxe4 Nf6 19. Kd3 Rd8 20. Bg5 Be7 21. a4 bxa4 22. Rxa4 Ng4 23. Bxe7 Kxe7 24. Rf1 f6 25. h4 Rd7 26. Rf4 Nh6 27. Kc3 Rhd8 28. d5 c5 29. Bd1 Nf7 30. Bg4 Rc7 31. Ra7 Nd6 32. Be2 Nf7 33. Bg4 Rb8 34. Kc2 Kd6 35. Be6 Ne5 36. Rf1 Nc6 37. dxc6 Kxe6 38. cxb7 Rcxb7 39. Rxb7 Rxb7 40. Ra1 Ke5 41. Ra5 Kd4 42. Ra4+ c4 43. b4 Kxe4 44. Kc3 Kf3 45. Kxc4 Kxg3 46. Kc5 Kxh4 47. Kc6 Rb8 48. b5+ Kh3 49. Ra7 g5 50. Rxg7 Kg4 51. b6 f5 52. Kc7 Rf8 53. b7 f4 54. Rd7 f3 55. Rd8 Rxd8 56. Kxd8 f2 57. b8=Q f1=Q 58. Ke7 Qf4 59. Qc8+ Kh4 60. Qh8+ Kg4 61. Qc8+ Kf3 62. Qh3+ Kf2 63. Ke6 g4 64. Qh4+ Kg2 65. Qe1 g3 66. Qe2+ Kh3 67. Qh5+ Qh4 68. Qf3 Qg4+ 0-1

[Event "Hungarian Rapid-ch 2022"]
[Site "Ajka"]
[Date "2022.07.15"]
[Round "4.9"]
[White "Leviczky, Tibor"]
[Black "Vertetics, Attila"]
[Result "1/2-1/2"]
[ECO "E41"]
[WhiteElo "2281"]
[BlackElo "2465"]
[Annotator "ChessBase"]
[PlyCount "36"]
[EventDate "2022.07.15"]
[EventType "swiss"]
[EventCountry "HUN"]
[SourceTitle "playchess.com"]
[Source "ChessBase"]
[SourceQuality "1"]
[TimeControl "900+10"]

1. d4 Nf6 2. c4 e6 3. Nc3 Bb4 4. e3 c5 5. Bd3 Nc6 6. Nge2 d5 7. O-O dxc4 8. Bxc4 cxd4 9. exd4 O-O 10. Bg5 Be7 11. a3 b6 12. Qd3 Bb7 13. Rad1 Nd5 14. Bxd5 exd5 15. Bxe7 Nxe7 16. Nf4 Ng6 17. Nxg6 hxg6 18. Rfe1 Re8 1/2-1/2

[Event "Hungarian Rapid-ch 2022"]
[Site "Ajka"]
[Date "2022.07.15"]
[Round "4.10"]
[White "Dobos, Jozsef"]
[Black "Horvath, Adam"]
[Result "0-1"]
[ECO "A00"]
[WhiteElo "2244"]
[BlackElo "2520"]
[Annotator "ChessBase"]
[PlyCount "102"]
[EventDate "2022.07.15"]
[EventType "swiss"]
[EventCountry "HUN"]
[SourceTitle "playchess.com"]
[Source "ChessBase"]
[SourceQuality "1"]
[TimeControl "900+10"]

1. a3 a5 2. e4 e6 3. d4 d5 4. Nc3 dxe4 5. Nxe4 Nd7 6. Nf3 Ngf6 7. Nxf6+ Nxf6 8. Bb5+ c6 9. Bd3 Be7 10. O-O b6 11. Qe2 a4 12. Re1 Bb7 13. Ne5 O-O 14. c3 c5 15. dxc5 bxc5 16. Bc4 Nd5 17. Bd2 Qc7 18. Rad1 Rad8 19. Bc1 Ba8 20. Bb5 Nb6 21. Bf4 Bd6 22. Bg3 Bd5 23. Nc4 Bxg3 24. hxg3 Rb8 25. Nxb6 Rxb6 26. Bxa4 Qb7 27. f3 Rxb2 28. Rd2 Rxd2 29. Qxd2 Qa7 30. Bb5 Qxa3 31. c4 Ba8 32. Qd6 g6 33. Re5 Qc1+ 34. Kh2 Qb2 35. Kg1 Qc1+ 36. Kh2 Qc2 37. Kg1 h5 38. Rxc5 Qc1+ 39. Kh2 Qb2 40. Bc6 Qf2 41. Qe7 Kg7 42. Bxa8 Rxa8 43. Rc7 Rf8 44. Qxe6 h4 45. Qe5+ Kg8 46. Qf4 hxg3+ 47. Qxg3 Qb2 48. c5 Kg7 49. Qf4 Qc3 50. c6 Rh8+ 51. Kg3 Qe1+ 0-1

[Event "Hungarian Rapid-ch 2022"]
[Site "Ajka"]
[Date "2022.07.15"]
[Round "4.11"]
[White "Varga, Zoltan"]
[Black "Szamoskozi, Gabor"]
[Result "1-0"]
[ECO "A35"]
[WhiteElo "2401"]
[BlackElo "2243"]
[Annotator "ChessBase"]
[PlyCount "75"]
[EventDate "2022.07.15"]
[EventType "swiss"]
[EventCountry "HUN"]
[SourceTitle "playchess.com"]
[Source "ChessBase"]
[SourceQuality "1"]
[TimeControl "900+10"]

1. c4 Nf6 2. Nc3 c5 3. Nf3 Nc6 4. d4 cxd4 5. Nxd4 e5 6. Ndb5 d6 7. Bg5 a6 8. Bxf6 gxf6 9. Na3 f5 10. e3 Be6 11. Qd2 Be7 12. Be2 O-O 13. O-O Rc8 14. Rac1 Re8 15. Nab1 Nb8 16. Nd5 Bxd5 17. Qxd5 Qb6 18. Bh5 Rf8 19. b3 Qc6 20. Nc3 Qxd5 21. Nxd5 Bd8 22. f4 e4 23. Rfd1 Nc6 24. Kf2 Kg7 25. Ke2 Kh6 26. g4 Bh4 27. h3 Rcd8 28. Rd2 Rd7 29. Rcd1 Bd8 30. a3 Na5 31. Rb1 b5 32. cxb5 axb5 33. Nc3 Be7 34. Nxb5 d5 35. Nd4 fxg4 36. hxg4 f5 37. Rh1 Kg7 38. Ne6+ 1-0

[Event "Hungarian Rapid-ch 2022"]
[Site "Ajka"]
[Date "2022.07.15"]
[Round "4.12"]
[White "Margl, Roland"]
[Black "Mihok, Oliver"]
[Result "1/2-1/2"]
[ECO "E62"]
[WhiteElo "2312"]
[BlackElo "2549"]
[Annotator "ChessBase"]
[PlyCount "94"]
[EventDate "2022.07.15"]
[EventType "swiss"]
[EventCountry "HUN"]
[SourceTitle "playchess.com"]
[Source "ChessBase"]
[SourceQuality "1"]
[TimeControl "900+10"]

1. Nf3 Nf6 2. c4 g6 3. d4 Bg7 4. g3 O-O 5. Bg2 d6 6. O-O Nc6 7. Nc3 e5 8. dxe5 dxe5 9. Bg5 h6 10. Qxd8 Rxd8 11. Bxf6 Bxf6 12. Nd5 Kg7 13. Nxc7 Rb8 14. e4 Be7 15. Nd5 Bc5 16. Rac1 a5 17. h3 Be6 18. Rfd1 a4 19. Bf1 b6 20. Nc7 Rbc8 21. Nxe6+ fxe6 22. Rxd8 Rxd8 23. Kg2 Kf6 24. Be2 a3 25. bxa3 Ra8 26. Rc3 Bxa3 27. Bd1 Bb4 28. Rc2 Ra3 29. Rb2 Bc5 30. Bb3 g5 31. g4 Ra7 32. Rd2 Bd4 33. Rd1 Bc5 34. Rd2 Nd4 35. Nxd4 exd4 36. Rd3 Ke5 37. f3 h5 38. gxh5 Kf4 39. Kf2 Rh7 40. Kg2 Rxh5 41. Ba4 Rh7 42. Bb5 Ra7 43. a4 e5 44. Rb3 Ra8 45. Bc6 Ra7 46. Bb5 Ra8 47. Bc6 Ra7 1/2-1/2

[Event "Hungarian Rapid-ch 2022"]
[Site "Ajka"]
[Date "2022.07.15"]
[Round "4.13"]
[White "Csiszar, Csaba"]
[Black "Kokeny, Gabor"]
[Result "1/2-1/2"]
[ECO "D02"]
[WhiteElo "2389"]
[BlackElo "2204"]
[Annotator "ChessBase"]
[PlyCount "139"]
[EventDate "2022.07.15"]
[EventType "swiss"]
[EventCountry "HUN"]
[SourceTitle "playchess.com"]
[Source "ChessBase"]
[SourceQuality "1"]
[TimeControl "900+10"]

1. d4 d5 2. Nf3 Nf6 3. Bf4 e6 4. Nbd2 Nbd7 5. e3 Be7 6. Bd3 c5 7. c3 b6 8. Ne5 Nxe5 9. dxe5 Nd7 10. h4 Qc7 11. Nf3 Bb7 12. a4 a6 13. Qe2 Bc6 14. h5 c4 15. Bc2 Nc5 16. Nd4 Bd7 17. Qg4 O-O-O 18. Qe2 Kb7 19. O-O h6 20. Rfb1 g6 21. hxg6 fxg6 22. Bxg6 Rdg8 23. Qh5 Bg5 24. Bh2 Qc8 25. b3 Rg7 26. bxc4 dxc4 27. Rb4 Be7 28. Rxc4 Rhg8 29. Qf3+ Kb8 30. Be4 Rxg2+ 31. Qxg2 Rxg2+ 32. Bxg2 a5 33. Rb1 Ka7 34. Nb5+ Bxb5 35. Rxb5 Qe8 36. Rb1 Qg6 37. Rd1 Qc2 38. Rcd4 Bh4 39. R4d2 Qxa4 40. Bf4 Bg5 41. Bg3 Qb3 42. Rd8 Bxd8 43. Rxd8 Ka6 44. Bf1+ b5 45. Rd6+ Kb7 46. Bg2+ Ka7 47. Bh4 a4 48. Bd8 Nb7 49. Rd7 a3 50. Rxb7+ Ka6 51. Rb6+ Ka7 52. Rd6 Qb1+ 53. Kh2 a2 54. Bb6+ Ka6 55. Bc7+ Ka7 56. Bb6+ Ka6 57. Bd8+ Ka7 58. Bb6+ Ka6 59. Bc7+ Ka7 60. Bb6+ Ka6 61. Bd8+ Ka7 62. Bb6+ Ka6 63. Bd8+ Ka7 64. Bb6+ Ka6 65. Bc7+ Ka7 66. Bb6+ Ka6 67. Bc7+ Ka7 68. Rd8 Ka6 69. Rd6+ Ka7 70. Rd3 1/2-1/2

[Event "Hungarian Rapid-ch 2022"]
[Site "Ajka"]
[Date "2022.07.15"]
[Round "4.14"]
[White "Kaczur, Florian"]
[Black "Horvath, Kristof"]
[Result "1-0"]
[ECO "D40"]
[WhiteElo "2482"]
[BlackElo "2053"]
[Annotator "ChessBase"]
[PlyCount "53"]
[EventDate "2022.07.15"]
[EventType "swiss"]
[EventCountry "HUN"]
[SourceTitle "playchess.com"]
[Source "ChessBase"]
[SourceQuality "1"]
[TimeControl "900+10"]

1. d4 d5 2. Nf3 Nf6 3. c4 e6 4. Nc3 c5 5. e3 Be7 6. a3 O-O 7. dxc5 Bxc5 8. Qc2 dxc4 9. Bxc4 a6 10. Bd3 Be7 11. e4 h6 12. e5 Nd5 13. O-O Nc6 14. Qe2 Qc7 15. Qe4 f5 16. Nxd5 exd5 17. Qxd5+ Kh8 18. Bd2 Rd8 19. Qc4 Qd7 20. Bb1 b5 21. Qc2 Nd4 22. Nxd4 Qxd4 23. Ba5 Re8 24. Rd1 Qxe5 25. Qc6 Be6 26. Bc3 Rad8 27. Qxe8+ 1-0

[Event "Hungarian Rapid-ch 2022"]
[Site "Ajka"]
[Date "2022.07.15"]
[Round "4.15"]
[White "Mihok-Juhasz, Barbara"]
[Black "Czebe, Attila"]
[Result "0-1"]
[ECO "B08"]
[WhiteElo "2221"]
[BlackElo "2385"]
[Annotator "ChessBase"]
[PlyCount "116"]
[EventDate "2022.07.15"]
[EventType "swiss"]
[EventCountry "HUN"]
[SourceTitle "playchess.com"]
[Source "ChessBase"]
[SourceQuality "1"]
[TimeControl "900+10"]

1. e4 d6 2. d4 g6 3. Nf3 Nf6 4. Nc3 Bg7 5. Be2 O-O 6. Bg5 Bg4 7. Qd2 c6 8. O-O d5 9. exd5 cxd5 10. Ne5 Bxe2 11. Qxe2 Nc6 12. Rad1 Re8 13. Nxc6 bxc6 14. Qa6 Qb6 15. Qa3 a5 16. Bf4 Qb4 17. Rfe1 Nd7 18. Nb1 e5 19. Bxe5 Nxe5 20. dxe5 Bxe5 21. c3 Qxa3 22. Nxa3 Rab8 23. Nb1 Re6 24. b3 h5 25. g3 Bf6 26. Rxe6 fxe6 27. f4 Kf7 28. Kg2 c5 29. Kf3 a4 30. bxa4 Ra8 31. c4 d4 32. Rd3 Rxa4 33. Na3 Bd8 34. Rb3 Ba5 35. Rb7+ Kf8 36. Nb5 Rxc4 37. Rb8+ Ke7 38. Rb7+ Kd8 39. Ra7 Bb6 40. Ra6 Bc7 41. Ra8+ Kd7 42. Ra7 Kc6 43. Nxc7 Rc3+ 44. Ke2 Kb6 45. Ra6+ Kxc7 46. Rxe6 c4 47. Rxg6 Rc2+ 48. Kd1 Rxh2 49. Ra6 c3 50. Ra4 Rd2+ 51. Kc1 Kd6 52. f5 Ke5 53. Ra5+ Ke4 54. f6 Rf2 55. Rxh5 d3 56. Rh1 Rxa2 57. Kb1 Rb2+ 58. Ka1 Rf2 0-1

[Event "Hungarian Rapid-ch 2022"]
[Site "Ajka"]
[Date "2022.07.15"]
[Round "4.16"]
[White "Jonas, Zsolt"]
[Black "Meszaros, Tamas"]
[Result "0-1"]
[ECO "C55"]
[WhiteElo "2031"]
[BlackElo "2368"]
[Annotator "ChessBase"]
[PlyCount "44"]
[EventDate "2022.07.15"]
[EventType "swiss"]
[EventCountry "HUN"]
[SourceTitle "playchess.com"]
[Source "ChessBase"]
[SourceQuality "1"]
[TimeControl "900+10"]

1. e4 e5 2. Nf3 Nc6 3. d4 exd4 4. Bc4 Nf6 5. O-O Bc5 6. e5 d5 7. Bb5 Ne4 8. Nxd4 Bd7 9. Bxc6 bxc6 10. c3 Bb6 11. Nd2 Nxd2 12. Bxd2 c5 13. Nc2 O-O 14. Qf3 Be6 15. Qg3 f5 16. Be3 Qd7 17. Rfd1 Qa4 18. b3 Qe4 19. Bh6 Rf7 20. Na3 f4 21. Qg5 Kh8 22. Re1 gxh6 0-1

[Event "Hungarian Rapid-ch 2022"]
[Site "Ajka"]
[Date "2022.07.15"]
[Round "4.17"]
[White "Nemeth, Zalan"]
[Black "Jakab, Attila"]
[Result "1-0"]
[ECO "A14"]
[WhiteElo "2194"]
[BlackElo "2311"]
[Annotator "ChessBase"]
[PlyCount "47"]
[EventDate "2022.07.15"]
[EventType "swiss"]
[EventCountry "HUN"]
[SourceTitle "playchess.com"]
[Source "ChessBase"]
[SourceQuality "1"]
[TimeControl "900+10"]

1. c4 e6 2. g3 Nf6 3. Bg2 d5 4. Nf3 Be7 5. O-O O-O 6. b3 b6 7. cxd5 Nxd5 8. d4 Bb7 9. Bb2 Nd7 10. Nbd2 c5 11. e4 Nb4 12. Qb1 cxd4 13. Nxd4 Nc5 14. Rd1 Ncd3 15. Nc4 Nxb2 16. Qxb2 Qb8 17. a3 Nc6 18. Nxc6 Bxc6 19. Rac1 Qb7 20. Ne5 Bf6 21. Qc2 Bxe5 22. Qxc6 Qa6 23. a4 Rad8 24. Qb5 1-0

[Event "Hungarian Rapid-ch 2022"]
[Site "Ajka"]
[Date "2022.07.15"]
[Round "4.18"]
[White "Gelle, Istvan"]
[Black "Tolnai, Tibor"]
[Result "1-0"]
[ECO "A40"]
[WhiteElo "2218"]
[BlackElo "2433"]
[Annotator "ChessBase"]
[PlyCount "59"]
[EventDate "2022.07.15"]
[EventType "swiss"]
[EventCountry "HUN"]
[SourceTitle "playchess.com"]
[Source "ChessBase"]
[SourceQuality "1"]
[TimeControl "900+10"]

1. d4 e6 2. Bf4 d5 3. e3 Bd6 4. Bg3 Ne7 5. Nf3 O-O 6. Bd3 f5 7. O-O Ng6 8. c4 c6 9. Nc3 Bxg3 10. hxg3 Nd7 11. Qc2 Nf6 12. cxd5 cxd5 13. Rac1 Ne4 14. Ne2 Bd7 15. Qb3 Bc6 16. Qa3 h6 17. Rc2 Ng5 18. Ne5 Nxe5 19. dxe5 Nf7 20. f4 g5 21. Nd4 Bd7 22. Bxf5 exf5 23. e6 Qf6 24. exd7 gxf4 25. Rxf4 Nd6 26. Rcf2 Qe5 27. Qd3 Ne4 28. R2f3 Rad8 29. Nxf5 Rf6 30. Nxh6+ 1-0